 Dungeon Crawl Stone Soup version 0.26.1-2-gb8aa6d0cf2 (webtiles) character file.

Game seed: 566436889144551917

14 skwiii the Digger (level 2, -5/15 HPs)
             Began as a Gargoyle Earth Elementalist on Feb 18, 2021.
             Slain by Sigmund
             ... wielding a +0 scythe
              (12 damage)
             ... on level 2 of the Dungeon.
             The game lasted 00:01:47 (1126 turns).

skwiii the Digger (Gargoyle Earth Elementalist)     Turns: 1126, Time: 00:01:47

Health: -5/15      AC:  4    Str: 11    XL:     2   Next: 45%
Magic:  2/5        EV: 12    Int: 15    God:
Gold:   75         SH:  0    Dex: 10    Spells: 2/5 levels left

rFire    . . .     SeeInvis .   (no weapon)
rCold    . . .     Faith    .   (no shield)
rNeg     + . .     Spirit   .   c - +0 robe
rPois    ∞         Reflect  .   (no helmet)
rElec    +         Harm     .   (no cloak)
rCorr    .         Rampage  .   (no gloves)
Will     .....                  (no boots)
Stlth    ++........             (no amulet)
HPRegen  0.05/turn              (no ring)
MPRegen  0.09/turn              (no ring)

@: no status effects
A: negative energy resistance 1, electricity resistance, unbreathing,
petrification resistance, miasma immunity, AC +2
a: no special abilities


You were on level 2 of the Dungeon.
You visited 1 branch of the dungeon, and saw 2 of its levels.

You collected 75 gold pieces.

Inventory:

Missiles
 b - 31 stones
Armour
 c - a +0 robe (worn)
Scrolls
 a - a scroll of immolation {unknown}
 d - a scroll of magic mapping {unknown}
 e - a scroll of fog {unknown}
 f - a scroll of identify {unknown}
 h - a scroll of teleportation {unknown}
 i - a scroll of blinking
 j - a scroll of remove curse {unknown}
Potions
 g - a potion of curing {unknown}


   Skills:
 + Level 1.6 Dodging
 - Level 2.1 Stealth
 * Level 2.4 Spellcasting
 + Level 1.0 Transmutations
 * Level 4.0 Earth Magic


You had 2 spell levels left.
You knew the following spells:

 Your Spells              Type           Power        Failure   Level
a - Sandblast             Erth           26%          4%          1
b - Passwall              Tmut/Erth      7%           12%         2

Your spell library contained the following spells:

 Spells                   Type           Power        Failure   Level
 Stone Arrow              Conj/Erth      14%          28%         3
 Petrify                  Tmut/Erth      9%           58%         4
 Lee's Rapid Deconstruct  Erth           6%           75%         5


Dungeon Overview and Level Annotations

Branches:
Dungeon (2/15)

Altars:

Annotations:
D:2 Sigmund


Innate Abilities, Weirdness & Mutations

You are resistant to torment.
Your stone body is resilient. (AC +2)
You are immune to poison.
You resist negative energy. (rN+)
You are resistant to electric shocks. (rElec)
You can survive without breathing.
You are immune to petrification.
You are immune to miasma.


Message History

Sigmund is lightly wounded.
The kobold throws a stone.
The stone barely misses you.
Sigmund drinks a potion.
Sigmund seems to speed up.
Aiming: Sandblast (safe; 4% risk of failure)
Press: ? - help, Q - select action, (/) - cycle Shift-Dir - straight line, f/p - Sigmund
Aim: Sigmund, wielding a +0 scythe and wearing a +2 robe (lightly wounded, fast, 23% to evade)
The blast of sand hits Sigmund.
Sigmund is lightly wounded.
Sigmund gestures at you while chanting. You resist with significant effort.
The kobold throws a stone.
The stone hits you but does no damage. Sigmund barely misses you.
Sigmund closely misses you.
Sigmund hits you from afar with a +0 scythe!
Ouch! That really hurt!
Sigmund closely misses you. Sigmund closely misses you.
Sigmund hits you from afar with a +0 scythe!
Ouch! That really hurt!
You die...

......### ..)....
...#....#.......
..## #(K# . ..#
##.# ##.# #.#
#.##.....
#.####K.....#
..#####..@K...##.##
#.....#..###.....#
####.@.# ##.####
#.....## ...
....###<# .### .##
#.# ..# #.####.##
#...#..# #.....#
#...### #...#


You could see Sigmund (fast) and a kobold.

Vanquished Creatures
  2 dart slugs (D:1)
  A leopard gecko (D:1)
  2 goblins (D:1)
  A hobgoblin (D:1)
  2 bats (D:1)
  A frilled lizard (D:1)
  A kobold (D:2)
10 creatures vanquished.

Notes
Turn   | Place    | Note
-------+----------+-------------------------------------------
     0 | D:1      | skwiii the Gargoyle Earth Elementalist began the quest for
                  | the Orb.
     0 | D:1      | Reached XP level 1. HP: 10/10 MP: 3/3
   319 | D:1      | Reached XP level 2. HP: 15/15 MP: 0/5
   388 | D:1      | Learned a level 2 spell: Passwall
   425 | D:1      | Reached skill level 1 in Transmutations
   425 | D:1      | Reached skill level 4 in Earth Magic
  1111 | D:2      | Noticed Sigmund
  1126 | D:2      | Slain by Sigmund

Illustrated notes

Levels and vault maps discovered:
D:1:      nagdon_arrival_double_spiral, layout_basic, minmay_crystal_water,
          minmay_tetromino_i2
D:2:      layout_rooms, general_overflow_altar,
          chequers_ecumenical_altar_simple, uniq_natasha, uniq_sigmund

Skill      XL: |  1  2 |
---------------+-------+-----
Transmutations | 1 |  1.0
Earth Magic    | 4 |  4.0
Dodging        | |  1.6
Stealth        | |  2.1
Spellcasting   | |  2.4

Action                   || total
-------------------------++-------
 Cast: Sandblast         ||    16
  Use: Scroll            ||     1
Armor: Robe              ||     3
Dodge: Dodged            ||     9
